 Dungeon Crawl Stone Soup version 0.29.0-4-gdea44cf6ec (webtiles) character file.

Game seed: 8805402848069041521

26 SigmundSlayer the Ducker (level 2, 0/21 HPs)
             Began as a Felid Berserker on Aug 27, 2022.
             Was a Believer of Trog.
             Slain by a goblin
             ... wielding a +0 dagger
             ... led by Robin
              (3 damage)
             ... on level 2 of the Dungeon.
             The game lasted 00:00:48 (1295 turns).

SigmundSlayer the Ducker (Felid Berserker)          Turns: 1295, Time: 00:00:49

Health: 0/21       AC:  1    Str: 13    XL:     2   Next: 89%
Magic:  3/3        EV: 18    Int:  8    God:    Trog [**....]
Gold:   48         SH:  0    Dex: 15    Spells: 1/1 levels left
                                        Lives:  0   Deaths: 0

rFire   . . .      SeeInvis +     - Unarmed
rCold   . . .      Faith    .   (shield unavailable)
rNeg    . . .      Spirit   .   (body armour unavailable)
rPois   .          Reflect  .   (helmet unavailable)
rElec   .          Harm     .   (cloak unavailable)
rCorr   .          Rampage  .   (gloves unavailable)
Will    .....                   (boots unavailable)
Stlth   ..........              (no amulet)
HPRegen 0.07/turn               (no ring)
MPRegen 0.08/turn               (no ring)

@: berserking, very quick
A: very small, claws 1, fangs 3, see invisible, speed 1, shaggy fur 1, stealthy
paws, no weapons or thrown items, no armour, multi-lived
a: Renounce Religion, Berserk, Trog's Hand


You were on level 2 of the Dungeon.
You worshipped Trog.
Trog was pleased with you.
You visited 1 branch of the dungeon, and saw 2 of its levels.

You collected 48 gold pieces.

Inventory:

Scrolls
 c - a scroll of fear {unknown}
Potions
 b - a potion of magic
 d - a potion of curing
 e - a potion of might


   Skills:
 * Level 3.6 Fighting
 + Level 4.4 Dodging
 + Level 3.3 Unarmed Combat


You had one spell level left.
You didn't know any spells.
Your spell library was empty.

Dungeon Overview and Level Annotations

Branches:
Dungeon (2/15)

Altars:

Shops:
D:1 [

Annotations:
D:2 Robin


Innate Abilities, Weirdness & Mutations

You have sharp claws.
You have razor-sharp teeth.
You have supernaturally acute eyesight. (SInv)
You cover ground quickly. (Speed+)
You are covered in fur. (AC +1)
Your paws help you pounce on unaware monsters.
You are incapable of wielding weapons or throwing items.
You cannot wear armour.
You gain extra lives every three experience levels.


Message History

There are monsters nearby!
The hobgoblin shouts!
The goblin shouts!
A red film seems to cover your vision as you go berserk!
You feel yourself moving faster!
You feel mighty! The goblin barely misses you. The hobgoblin hits you.
Robin roars a battlecry!
The goblins go into a battle-frenzy!
You closely miss the goblin. The goblin hits you but does no damage.
The rat closely misses you. The hobgoblin misses you.
The goblin hits you with a +0 club.
Robin hits you from afar with a +0 spear.
The goblin hits you but does no damage.
Unknown command.
You claw the goblin!
You kill the goblin!
Trog accepts your kill.
Unknown command.
You claw the hobgoblin!
You kill the hobgoblin!
Trog accepts your kill. The rat closely misses you.
The goblin closely misses you. The goblin hits you with a +0 dagger.
Robin hits you from afar with a +0 spear.
* * * LOW HITPOINT WARNING * * *
You are too injured to fight recklessly!
Unknown command.
You are too injured to fight recklessly!
Unknown command.
You are too injured to fight recklessly!
Unknown command.
You claw the goblin!
You kill the goblin!
Trog accepts your kill. Robin throws the goblin at you!
* * * LOW HITPOINT WARNING * * *
The goblin closely misses you. x2; The frilled lizard bites you.
* * * LOW HITPOINT WARNING * * *
The rat misses you. The goblin barely misses you.
The goblin hits you with a +0 dagger.
You die...

.####
.....######
..........#
..........#
..........#
......grl.#
......g@g.#
....ggggg.#
..##..gg..#
#......#
#......#
........#
##...#####
###. ##


You could see Robin, 3 hobgoblins, 6 goblins, a frilled lizard and a rat.

Vanquished Creatures
  A dart slug (D:1)
  A ball python (D:1)
  An endoplasm (D:1)
  2 giant cockroaches (D:1)
  5 goblins
  2 hobgoblins
  2 jackals (D:1)
  A quokka (D:1)
  5 frilled lizards (D:1)
  3 rats (D:1)
23 creatures vanquished.

Notes
Turn   | Place    | Note
-------+----------+-------------------------------------------
     0 | D:1      | SigmundSlayer the Felid Berserker began the quest for the
                  | Orb.
     0 | D:1      | Reached XP level 1. HP: 10/10 MP: 2/2
   355 | D:1      | Found Rexiny Vosur's Armour Emporium.
   576 | D:1      | Reached XP level 2. HP: 10/14 MP: 3/3
   846 | D:1      | Found a faded altar of an unknown god.
  1152 | D:1      | Reached ** piety under Trog
  1288 | D:2      | Noticed Robin
  1295 | D:2      | Slain by a goblin

Illustrated notes

Levels and vault maps discovered:
D:1:      eino_arrival_cavern_c, layout_rooms,
          shapermc_ecumenical_altar_mp_urbaneastern, serial_shops,
          shop_fountains
D:2:      layout_rooms, serial_shops, nicolae_shop_waterfront, basic_altar,
          uniq_robin

Action                   || total
-------------------------++-------
Melee: Unarmed           ||    59
       Bite              ||     4
       Punch             ||     1
Invok: Berserk           ||     2
  Use: Scroll            ||     3
Armor: Skin              ||     4
Dodge: Dodged            ||    71
